 Dungeon Crawl Stone Soup version 0.29-a0-344-ge2f44be95a (webtiles) character file.

Game seed: 7421165082536259485

3040 snarfax the Cleaver (level 9, -10/79 HPs)
             Began as a Minotaur Berserker on Apr 17, 2022.
             Was an Elder of Trog.
             Mangled by a two-headed ogre
             ... wielding a +0 giant club
              (28 damage)
             ... on level 7 of the Dungeon on Apr 21, 2022.
             The game lasted 00:24:59 (7571 turns).

snarfax the Cleaver (Minotaur Berserker)            Turns: 7571, Time: 00:25:00

Health: -10/79     AC: 17    Str: 25    XL:     9   Next: 56%
Magic:  8/8        EV:  8    Int:  6    God:    Trog [****..]
Gold:   1505       SH:  0    Dex:  9    Spells: 8/8 levels left

rFire   . . .      SeeInvis +   a - +1 hand axe (venom)
rCold   . . .      Faith    .   (no shield)
rNeg    . . .      Spirit   .   A - +0 plate armour
rPois   +          Reflect  .   (helmet restricted)
rElec   .          Harm     .   (no cloak)
rCorr   .          Rampage  .   H - +0 pair of gloves
Will    .....                   x - +0 pair of boots
Stlth   ..........              (no amulet)
HPRegen 0.23/turn               d - ring of poison resistance
MPRegen 0.11/turn               e - ring of see invisible

@: no status effects
A: horns 2, retaliatory headbutt
a: Renounce Religion, Berserk, Trog's Hand, Brothers in Arms


You were on level 7 of the Dungeon.
You worshipped Trog.
Trog was greatly pleased with you.
You visited 1 branch of the dungeon, and saw 7 of its levels.
You also visited: Sewer and Ossuary.

You collected 1505 gold pieces.

Inventory:

Hand Weapons
 a - a +1 hand axe of venom (weapon)
 B - the +7 staff of the Meek {protect, meekguard}
   (You found it on level 6 of the Dungeon)

   It grants its wielder temporary protection when it strikes (+7 to AC).
   It provides extra protection to wielders with little health.
Missiles
 k - 8 poisoned darts (quivered)
 o - 7 boomerangs
 s - 5 javelins
 t - 2 curare-tipped darts
 I - 2 throwing nets
Armour
 b - a +0 animal skin
 c - a +1 leather armour
 i - a +0 ring mail
 x - a +0 pair of boots (worn)
 A - a +0 plate armour (worn)
 H - a +0 pair of gloves (worn)
Jewellery
 d - a ring of poison resistance (left hand)
 e - a ring of see invisible (right hand)
 w - a ring of fire
 y - an amulet of regeneration
Scrolls
 f - 3 scrolls of enchant armour
 h - 5 scrolls of teleportation
 j - a scroll of brand weapon
 D - 3 scrolls of identify
Potions
 g - a potion of haste {unknown}
 l - a potion of degeneration {unknown}
 m - 2 potions of heal wounds
 n - 4 potions of brilliance
 p - 2 potions of might
 q - a potion of cancellation {unknown}
 r - a potion of mutation
 u - 3 potions of flight
 v - 6 potions of curing
 z - a potion of ambrosia
 C - 3 potions of berserk rage
 F - 2 potions of magic


   Skills:
 + Level 7.3 Fighting
 + Level 12.1 Axes
 * Level 9.4 Armour
 - Level 2.1 Dodging


You had 8 spell levels left.
You didn't know any spells.
Your spell library was empty.

Dungeon Overview and Level Annotations

Branches:
Dungeon (7/15)              Sewer (visited)         Ossuary (visited)
 Temple: D:4-7

Altars:
Ashenzari
Kikubaaqudgha
Xom
Beogh


Innate Abilities, Weirdness & Mutations

You have a pair of horns on your head.
You reflexively headbutt those who attack you in melee.


Message History

The poisoned dart hits the two-headed ogre.
Throw: 11 darts (poison)
Press: ? - help, Q - select action, (/) - cycle Shift-Dir - straight line, f/p - two-headed ogre
Aim: a two-headed ogre, wielding a +0 giant club and a +0 dire flail (73% to hit)
You throw a poisoned dart.
The poisoned dart hits the two-headed ogre.
Throw: 10 darts (poison)
Press: ? - help, Q - select action, (/) - cycle Shift-Dir - straight line, f/p - two-headed ogre
Aim: a two-headed ogre, wielding a +0 giant club and a +0 dire flail (73% to hit)
You throw a poisoned dart.
The poisoned dart closely misses the two-headed ogre.
Throw: 9 darts (poison)
Press: ? - help, Q - select action, (/) - cycle Shift-Dir - straight line, f/p - two-headed ogre
Aim: a two-headed ogre, wielding a +0 giant club and a +0 dire flail (73% to hit)
You throw a poisoned dart.
The poisoned dart hits the two-headed ogre.
The two-headed ogre is poisoned.
You hit the two-headed ogre but do no damage.
The two-headed ogre is lightly wounded.
You barely miss the two-headed ogre.
The two-headed ogre is lightly wounded.
The two-headed ogre barely misses you.
The two-headed ogre hits you with a +0 dire flail!
You hit the two-headed ogre.
The two-headed ogre looks even sicker.
You headbutt the two-headed ogre, but do no damage.
The two-headed ogre is lightly wounded.
You barely miss the two-headed ogre.
Your headbutt misses the two-headed ogre.
The two-headed ogre is lightly wounded.
The two-headed ogre hits you with a +0 giant club!
The two-headed ogre hits you with a +0 dire flail.
You slash the two-headed ogre! You headbutt the two-headed ogre!
The two-headed ogre is severely wounded.
The two-headed ogre attacks as you move away!
The two-headed ogre hits you with a +0 giant club.
The two-headed ogre hits you with a +0 dire flail!
* * * LOW HITPOINT WARNING * * *
The two-headed ogre attacks as you move away!
The two-headed ogre hits you with a +0 giant club!!
You die...

...#....# #..#....#
.#P......# ## .....<#..#
## ##. #. #P......#...
##.. .##.##.........
#####..#
..P.P..###..######.....##
(.((.(.O@................
.....####.....#.......).#
... ........###.>..##...
. ..#####.............#
#..>............
#.#####......... #.
#.....#.... ..
....?......


You could see a two-headed ogre (very poisoned).

Vanquished Creatures
  Pikel (D:6)
  A troll (D:5)
  Prince Ribbit (D:5)
  2 wraiths (Ossuary)
  2 steam dragons
  A water moccasin (D:5)
  An orc warrior (D:6)
  2 black bears (D:5)
  An ogre (D:7)
  A lemure (D:6)
  A phantom (D:6)
  3 kobold brigands (Sewer)
  A gnoll sergeant (D:6)
  2 wights (Ossuary)
  2 jellies (D:6)
  5 orc priests
  4 hounds
  An iguana (D:6)
  An orc wizard (D:6)
  7 gnolls
  12 adders
  A river rat (Sewer)
  2 shadow imps
  An adder zombie (Ossuary)
  3 worms (Sewer)
  3 dart slugs
  20 orcs
  10 ball pythons
  5 bats
  5 endoplasms
  4 giant cockroaches
  3 goblins
  5 hobgoblins
  6 quokkas
  A ball python skeleton (Ossuary)
  3 frilled lizards
  2 hobgoblin skeletons (Ossuary)
  2 hobgoblin zombies (Ossuary)
  9 kobolds
  A kobold zombie (Ossuary)
  2 orc skeletons (Ossuary)
  10 rats
  2 rat zombies (D:4)
152 creatures vanquished.

Notes
Turn   | Place    | Note
-------+----------+-------------------------------------------
     0 | D:1      | snarfax the Minotaur Berserker began the quest for the Orb.
     0 | D:1      | Reached XP level 1. HP: 19/19 MP: 0/0
   107 | D:1      | Reached skill level 4 in Axes
   208 | D:1      | Reached XP level 2. HP: 26/26 MP: 1/1
   777 | D:2      | Reached skill level 5 in Axes
   777 | D:2      | Reached XP level 3. HP: 31/31 MP: 2/2
  1155 | D:2      | Reached ** piety under Trog
  1785 | D:3      | Reached skill level 6 in Axes
  1785 | D:3      | Reached XP level 4. HP: 39/39 MP: 3/3
  1996 | D:3      | Found a glowing drain.
  2006 | Sewer    | Entered a sewer
  2442 | Sewer    | Noticed a kobold brigand
  2457 | Sewer    | Killed a kobold brigand
  2458 | Sewer    | Reached skill level 7 in Axes
  2458 | Sewer    | Reached XP level 5. HP: 45/45 MP: 4/4
  2651 | Sewer    | Reached *** piety under Trog
  2670 | Sewer    | Reached skill level 8 in Axes
  2823 | Sewer    | Reached XP level 6. HP: 44/49 MP: 5/5
  3050 | D:3      | Reached skill level 9 in Axes
  3481 | D:3      | Found a shimmering altar of Xom.
  3486 | D:3      | Found an ancient bone altar of Kikubaaqudgha.
  3486 | D:3      | Found a broken altar of Ashenzari.
  4051 | D:4      | Found a sand-covered staircase.
  4058 | Ossuary  | Entered an ossuary
  4110 | Ossuary  | Noticed a wraith
  4110 | Ossuary  | Noticed a flying skull
  4149 | Ossuary  | Noticed a flying skull
  4150 | Ossuary  | Noticed a flying skull
  4165 | Ossuary  | Reached XP level 7. HP: 57/57 MP: 6/6
  4177 | Ossuary  | Noticed a wraith
  4191 | Ossuary  | Killed a wraith
  4192 | Ossuary  | Reached skill level 10 in Axes
  4211 | Ossuary  | Noticed a flying skull
  4443 | Ossuary  | Noticed a wraith
  4459 | Ossuary  | Killed a wraith
  5080 | D:4      | Reached **** piety under Trog
  5169 | D:5      | Entered Level 5 of the Dungeon
  5190 | D:5      | Reached XP level 8. HP: 61/67 MP: 7/7
  5310 | D:5      | Noticed a troll
  5328 | D:5      | Killed a troll
  5329 | D:5      | Reached skill level 5 in Fighting
  5329 | D:5      | Reached skill level 11 in Axes
  5329 | D:5      | Reached skill level 5 in Armour
  5329 | D:5      | Upgraded the game from 0.29-a0-337-g68df138881 to
                  | 0.29-a0-340-g6efceafd81
  5816 | D:5      | Noticed Prince Ribbit
  5826 | D:5      | Killed Prince Ribbit
  6203 | D:6      | Reached XP level 9. HP: 47/75 MP: 8/8
  6372 | D:6      | Identified a scroll of acquirement
  6372 | D:6      | Acquired 1263 gold pieces
  6455 | D:6      | HP: 2/75 [orc priest/divine providence (9)]
  6874 | D:6      | Found the +7 staff of the Meek {protect, meekguard}
  6908 | D:6      | Noticed Pikel
  6926 | D:6      | Killed Pikel
  7320 | D:6      | Reached skill level 12 in Axes
  7498 | D:6      | Upgraded the game from 0.29-a0-340-g6efceafd81 to
                  | 0.29-a0-344-ge2f44be95a
  7559 | D:7      | Noticed a two-headed ogre
  7571 | D:7      | Mangled by a two-headed ogre

Illustrated notes

Levels and vault maps discovered:
D:1:      dpeg_arrival_arbitrary_c, layout_rooms,
          nicolae_concentric_dashed_squares_mild
D:2:      layout_basic, serial_forest, infiniplex_forest_corner_1,
          infiniplex_forest_lined_3, infiniplex_forest_lined_ring,
          infiniplex_forest_zigzag_1, grunt_decor_cap
D:3:      layout_loops_ring, gammafunk_temple_overflow_forgotten,
          portal_sewer_entry_b, chequers_garden
D:4:      layout_basic, enter_ossuary_4
D:5:      layout_cave_pools, kennysheep_generic_room_12, uniq_prince_ribbit1
D:6:      layout_rooms, pf_guarded_unrand_meek, uniq_pikel
D:7:      minmay_evil_eye, layout_rooms, minmay_temple_entry_gardened_gates,
          enter_bailey_7, grunt_ministairs_11, uniq_maggie

Skill      XL: |  1  2  3  4  5  6  7  8  9 |
---------------+----------------------------+-----
Axes           | 4 5 6 7 8 9 10 11 12 | 12.1
Fighting       | 4 6 7 |  7.3
Armour         | 4 7 9 |  9.4
Dodging        | |  2.1

Action                   |  1- 3 |  4- 6 |  7- 9 || total
-------------------------+-------+-------+-------++-------
Melee: Hand axe          |    87 |   130 |   238 ||   455
       Headbutt          |     4 |    18 |    55 ||    77
       Punch             |     1 |     1 |     3 ||     5
Throw: Dart              |       |       |    28 ||    28
  Use: Scroll            |     7 |     3 |    10 ||    20
       Potion            |       |       |     1 ||     1
Armor: Leather armour    |    12 |       |       ||    12
       Ring mail         |    19 |    18 |       ||    37
       Plate armour      |       |     1 |   123 ||   124
Dodge: Dodged            |    48 |    48 |    63 ||   159

Table legend: (Time is in decaauts)
 A = Elapsed time spent in this place.
 B = Non-inter-level travel time spent in this place.
 C = Inter-level travel time spent in this place.
 D = Time resting spent in this place.
 E = Time spent auto-exploring this place.
 F = Levels seen in this place.
 G = Mean time per level.
                   A        B        C        D        E       F      G
               +--------+--------+--------+--------+--------+-----+--------+
         Total |   7707 |   7542 |    165 |   1253 |   4544 |   9 |  856.3 |
       Dungeon |   5790 |   5625 |    165 |    794 |   3634 |   7 |  827.1 |
         Sewer |   1150 |   1150 |      0 |      0 |    880 |   1 | 1150.0 |
       Ossuary |    766 |    766 |      0 |    459 |     30 |   1 |  766.0 |
               +--------+--------+--------+--------+--------+-----+--------+

Top non-repeatable levels by time:
     D:5: 1429 daAuts
   Sewer: 1150 daAuts
     D:2: 1010 daAuts
     D:6: 895 daAuts
     D:3: 853 daAuts
     D:4: 819 daAuts
 Ossuary: 766 daAuts
     D:1: 746 daAuts
     D:7: 35 daAuts
